 Dungeon Crawl Stone Soup version 0.31-a0-949-g57150269e1 (webtiles) character file.

Game seed: 3126102998308383621

7426 quinnr the Zephyrmancer (level 11, -4/68 HPs)
             Began as a Tengu Air Elementalist on Oct 22, 2023.
             Was a Priest of Vehumet.
             Slain by a wraith (6 damage)
             ... led by Josephine
             ... on level 11 of the Dungeon.
             The game lasted 00:22:50 (11150 turns).

quinnr the Zephyrmancer (Tengu Air Elementalist)   Turns: 11150, Time: 00:22:50

Health: -4/68      AC:  2    Str:  8    XL:     11   Next: 15%
Magic:  5/23       EV: 18    Int: 21    God:    Vehumet [***...]
Gold:   417        SH:  0    Dex: 14    Spells: 12/24 levels left

rFire   . . .        e - staff of poison {!a}
rCold   . . .        g - orb {*channel}
rNeg    . . .        a - +0 robe
rPois   +            (helmet restricted)
rElec   .            (no cloak)
rCorr   +            (no gloves)
SInv    .            (boots unavailable)
Will    .....        (no amulet)
Stlth   ++           R - ring of resist corrosion
HPRegen 0.31/turn    (no ring)
MPRegen 0.18/turn

%: acrobat, channel magic (20%)
@: swift, flying, slowed
A: beak, talons 3, evasive flight, acrobatic
a: Renounce Religion


You were on level 11 of the Dungeon.
You worshipped Vehumet.
Vehumet was most pleased with you.
You visited 2 branches of the dungeon, and saw 12 of its levels.

You collected 417 gold pieces.


Innate Abilities, Weirdness & Mutations

You have a beak for a mouth.
You have claws for feet.
Your magical flight helps you evade attacks. (EV +4)
You can magically evade attacks while moving or waiting.


   Skills:
 - Level 8.1 Fighting
 - Level 5.0 Dodging
 - Level 3.0 Stealth
 + Level 7.4 Spellcasting
 - Level 2.0 Conjurations
 - Level 13.0 Air Magic
 - Level 4.0 Poison Magic
 + Level 4.8 Evocations


You had 12 spell levels left.
You knew the following spells:

 Your Spells              Type           Power      Damage    Failure   Level
a - Airstrike             Air            29%        2d(5-21)  1%          4
i - Swiftness             Air            58%        N/A       1%          3
p - Poisonous Vapours     Pois/Air       100%       N/A       1%          2
t - Static Discharge      Conj/Air       78%        3-7/arc   1%          2
z - Shock                 Conj/Air       100%       1d9       1%          1

Your spell library contained the following spells:

 Spells                   Type           Power      Damage    Failure   Level
 Mephitic Cloud           Conj/Pois/Air  51%        N/A       2%          3
 Cigotuvi's Dreadful Rot  Necr/Pois/Air  94%        N/A       6%          2
 Summon Small Mammal      Summ           28%        N/A       22%         1
 Ensorcelled Hibernation  Hex/Ice        14%        N/A       30%         2
 Passwall                 Tmut/Erth      5%         N/A       30%         2
 Call Canine Familiar     Summ           7%         N/A       47%         3
 Summon Guardian Golem    Hex/Summ       7%         N/A       47%         3
 Dispel Undead            Necr           7%         3d8       82%         4
 Death Channel            Necr           3%         N/A       100%        6

Inventory:

Hand Weapons
 j - a +2 dagger of venom
 s - a +0 whip of electrocution
 w - a +3 dagger
 x - a +2 dagger of chaos
 G - the +7 rapier "Duan" {distort, rElec rC+ MP-9 Dex+2}
   (You found it on level 11 of the Dungeon)

   Dex+2:     It affects your dexterity (+2).
   rC+:       It protects you from cold.
   rElec:     It insulates you from electricity.
   MP-9:      It affects your magic capacity (-9).
Missiles
 y - 6 throwing nets {=f}
Armour
 a - a +0 robe (worn)
 g - an orb of energy (worn)
 z - a +0 cloak
Magical Staves
 e - a staff of poison (weapon) {!a}
Jewellery
 f - a ring of fire
 F - a ring of fire
 R - a ring of resist corrosion (left hand)
 S - a +6 ring of strength
Wands
 t - a wand of digging (6)
 v - a wand of acid (4)
Scrolls
 c - 7 scrolls of identify {unknown}
 h - 7 scrolls of teleportation {@r2}
 i - 2 scrolls of blinking {unknown}
 l - 2 scrolls of enchant armour {unknown}
 n - a scroll of fear {unknown}
 o - 2 scrolls of revelation {unknown}
 p - 4 scrolls of immolation {unknown}
 r - 2 scrolls of enchant weapon {unknown}
 C - 3 scrolls of poison {unknown}
 D - 2 scrolls of fog {unknown}
 E - a scroll of amnesia {unknown}
Potions
 b - 2 potions of magic
 d - 8 potions of heal wounds {unknown}
 k - 2 potions of lignification {unknown}
 m - 6 potions of curing {unknown}
 q - a potion of ambrosia {unknown}
 u - a potion of berserk rage {unknown}
 A - a potion of cancellation {unknown}
 B - 3 potions of haste {unknown}
 H - 3 potions of brilliance {unknown}

Dungeon Overview and Level Annotations

Branches:
Dungeon (11/15)            Temple (1/1) D:4             Orc (0/2) D:11
   Lair: D:8-11

Altars:
Ashenzari
Cheibriados
Dithmenos
Elyvilon
Fedhas
Gozag
Hepliaklqana
Kikubaaqudgha
Makhleb
Nemelex Xobeh
Okawaru
Qazlal
Ru
Sif Muna
Trog
Uskayaw
Vehumet
Wu Jian
Xom
Yredelemnul
Zin
The Shining One

Shops:
D:1 ?(!   D:9 =

Annotations:
D:9 2 runed translucent doors, p00ps00p's ghost, novice HOFi

#########'### .#
#...........# #.#
#...........# #######.#
#...........####........
#...........'..#..^....)
#...........##....).....
#.....).....####........
#.....>.W...# #........
#......@W...# #........
#...........# #........
#..>........# #......[.
#...........# #........
####+######## #####.###
#.. ##.


You could see 2 wraiths.


Message History

The wraith hits you!
* * * LOW HITPOINT WARNING * * *
The wraith drains your vigour!
You feel as though you will be slow longer.
Unknown command.
Unknown command.
The wraith attacks as it pursues you! The wraith completely misses you.
The wraith closely misses you.
There is an open door here.
Casting: Static Discharge (safe; 1% risk of failure)
Confirm with . or Enter, or press ? or * to list all spells.
The wraith is struck by an arc of lightning.
The wraith is heavily damaged.
The wraith is struck by an arc of lightning.
The wraith hits you!
* * * LOW HITPOINT WARNING * * *
The wraith drains your vigour!
You feel as though you will be slow longer.
Unknown command.
Unknown command.
The wraith completely misses you. The wraith barely misses you.
The wraith attacks as it pursues you! The wraith completely misses you.
The wraith attacks as it pursues you! The wraith completely misses you.
The wraith hits you!
* * * LOW HITPOINT WARNING * * *
Casting: Static Discharge (safe; 1% risk of failure)
Confirm with . or Enter, or press ? or * to list all spells.
You feel quick. The wraith hits you.
You die...

Skill      XL: |  1  2  3  4  5  6  7  8  9 10 |
---------------+-------------------------------+-----
Air Magic      | 5 6 9 11 13 | 13.0
Fighting       | 1 2 4 8 |  8.1
Dodging        | 3 4 5 |  5.0
Stealth        | 3 |  3.0
Evocations     | 3 4 |  4.8
Spellcasting   | 3 5 7 |  7.4
Conjurations   | 2 |  2.0
Poison Magic   | 4 |  4.0

Action                     |  1- 3 |  4- 6 |  7- 9 | 10-12 || total
---------------------------+-------+-------+-------+-------++-------
  Melee: Unarmed           |     2 |       |       |       ||     2
         Staff             |     3 |       |       |       ||     3
         Dagger            |       |     1 |       |     2 ||     3
   Cast: Shock             |    93 |    39 |   137 |    42 ||   311
         Airstrike         |       |     6 |    84 |    64 ||   154
         Static Discharge  |       |       |    18 |    13 ||    31
         Poisonous Vapours |       |       |       |    19 ||    19
         Swiftness         |       |       |       |     2 ||     2
    Use: Scroll            |       |       |     1 |       ||     1
 Armour: Robe              |     7 |     3 |    44 |    38 ||    92
  Dodge: Dodged            |    13 |     6 |    77 |    71 ||   167

Levels and vault maps discovered:
D:1:      dpeg_arrival_tiny_i, layout_basic, serial_shops, shop_statue, shop,
          nicolae_shop_advertising_works [nicolae_subvault_shop_adworks]
D:2:      layout_rooms, basic_altar
D:3:      layout_rooms, uniq_grinder
D:4:      layout_basic, general_overflow_altar, minmay_temple_entry_large_hall
D:5:      lemuel_ratsnest, layout_loops_cross
D:6:      minmay_flawed_box, layout_basic,
          chequers_temple_overflow_statue_of_worship, kennysheep_boxes
D:7:      kennysheep_slugbush, layout_loops_corners, biasface_ghost_orc_armoury
D:8:      lemuel_castle_with_subvaults [lemuel_castle_interior_carwin_1],
          layout_basic, mainiacjoe_overflow_alcove_2, uniq_psyche
D:9:      layout_basic, nicolae_xom_altar_mimics,
          hellmonk_ghost_happy_afterlife, serial_shops, shop,
          hangedman_abyss_or_decor_lesser_grid, hangedman_decor_clover_reticule,
          minivault_19, minivault_13, uniq_maggie
D:10:     layout_loops_cross, serial_shops, nicolae_shop_statue_plus,
          special_room [special_room_orc], minmay_between
D:11:     layout_roguey, minmay_lair_entry_grove, minmay_misc_feat_five,
          nicolae_nh_vlads_tower, uniq_harold, uniq_josephine
Temple:   eino_temple_scatter_basement

Notes
Turn   | Place    | Note
-------+----------+-------------------------------------------
     0 | D:1      | quinnr the Tengu Air Elementalist began the quest for the
                  | Orb.
     0 | D:1      | Reached XP level 1. HP: 10/10 MP: 4/4
   347 | D:1      | Reached XP level 2. HP: 13/15 MP: 0/6
   543 | D:1      | Found Quleuq's Distillery.
   762 | D:1      | Found Baddemp's Weapon Shop.
   807 | D:1      | Reached skill level 5 in Air Magic
  1028 | D:1      | Found Jodwaff's Magic Scroll Emporium.
  1192 | D:2      | Found a glowing golden altar of the Shining One.
  1711 | D:2      | Reached XP level 3. HP: 19/19 MP: 4/7
  1998 | D:3      | Reached skill level 6 in Air Magic
  2100 | D:3      | Reached XP level 4. HP: 24/24 MP: 4/8
  2118 | D:3      | Learned a level 2 spell: Static Discharge
  2123 | D:3      | Learned a level 4 spell: Airstrike
  2499 | D:3      | Noticed Grinder
  2507 | D:3      | Killed Grinder
  2508 | D:3      | Reached skill level 9 in Air Magic
  2508 | D:3      | Reached XP level 5. HP: 28/28 MP: 0/9
  2508 | D:3      | Reached XP level 6. HP: 32/32 MP: 0/10
  2961 | D:4      | Reached skill level 1 in Fighting
  3043 | D:4      | Found a staircase to the Ecumenical Temple.
  3069 | Temple   | Entered the Ecumenical Temple
  3082 | Temple   | Became a worshipper of Vehumet
  3234 | D:4      | Found a hazy altar of Hepliaklqana.
  3446 | D:4      | Reached skill level 3 in Dodging
  3446 | D:4      | Reached skill level 3 in Stealth
  3446 | D:4      | Gained mutation: Your magical flight helps you evade
                  | attacks. (EV +4) [Tengu growth]
  3446 | D:4      | Reached XP level 7. HP: 39/39 MP: 4/11
  3837 | D:5      | Entered Level 5 of the Dungeon
  4027 | D:5      | Reached skill level 2 in Fighting
  4114 | D:5      | Reached skill level 1 in Evocations
  4279 | D:5      | Reached skill level 4 in Dodging
  4279 | D:5      | Reached skill level 2 in Evocations
  4794 | D:6      | Reached skill level 3 in Evocations
  4794 | D:6      | Reached XP level 8. HP: 44/44 MP: 4/12
  4901 | D:6      | Reached skill level 5 in Dodging
  5421 | D:6      | Reached skill level 4 in Evocations
  5525 | D:6      | Reached * piety under Vehumet
  5525 | D:6      | Offered knowledge of Freeze by Vehumet.
  5536 | D:6      | Reached skill level 10 in Air Magic
  5797 | D:6      | Found a shimmering blue altar of Sif Muna.
  5798 | D:6      | Found a broken altar of Ashenzari.
  5800 | D:6      | Found a bloodstained altar of Trog.
  5871 | D:6      | Reached skill level 11 in Air Magic
  5888 | D:6      | Reached skill level 3 in Fighting
  5949 | D:6      | Reached skill level 4 in Fighting
  6044 | D:6      | Learned a level 3 spell: Swiftness
  6073 | D:6      | Reached skill level 3 in Spellcasting
  6073 | D:6      | Reached skill level 2 in Conjurations
  6073 | D:6      | Reached XP level 9. HP: 46/52 MP: 4/14
  6501 | D:7      | Reached skill level 4 in Spellcasting
  6976 | D:7      | Reached skill level 5 in Spellcasting
  7165 | D:8      | Offered knowledge of Searing Ray by Vehumet.
  7169 | D:8      | Reached ** piety under Vehumet
  7175 | D:8      | Reached skill level 5 in Fighting
  7482 | D:7      | Reached skill level 6 in Fighting
  7629 | D:8      | Found an opulent altar of Gozag.
  7898 | D:8      | Reached skill level 7 in Fighting
  7953 | D:8      | Noticed Psyche
  8086 | D:8      | Killed Psyche
  8087 | D:8      | Reached skill level 8 in Fighting
  8087 | D:8      | Reached XP level 10. HP: 61/64 MP: 5/18
  8292 | D:8      | Offered knowledge of Poisonous Vapours by Vehumet.
  8299 | D:8      | Learned a level 2 spell: Poisonous Vapours
  8597 | D:8      | Reached *** piety under Vehumet
  8622 | D:9      | Reached skill level 1 in Poison Magic
  8773 | D:9      | Reached skill level 12 in Air Magic
  8841 | D:9      | Found a runed translucent door.
  8841 | D:9      | Noticed p00ps00p's ghost (novice HOFi)
  8921 | D:9      | Reached skill level 2 in Poison Magic
  9187 | D:9      | Found a shimmering altar of Xom.
  9189 | D:9      | Found a shimmering altar of Xom.
  9189 | D:9      | Found a shimmering altar of Xom.
  9189 | D:9      | Found a shimmering altar of Xom.
  9189 | D:9      | Found a shimmering altar of Xom.
  9196 | D:9      | Found a shimmering altar of Xom.
  9196 | D:9      | Found a shimmering altar of Xom.
  9262 | D:9      | Noticed Maggie
  9268 | D:9      | Killed Maggie
  9418 | D:9      | Found a runed translucent door.
  9427 | D:9      | Reached skill level 3 in Poison Magic
  9577 | D:9      | Found Maappumm's Jewellery Emporium.
  9978 | D:10     | Entered Level 10 of the Dungeon
 10117 | D:10     | Offered knowledge of Mephitic Cloud by Vehumet.
 10191 | D:10     | Reached skill level 13 in Air Magic
 10191 | D:10     | Reached skill level 4 in Poison Magic
 10230 | D:10     | Found Atidgh's Book Emporium.
 10477 | D:10     | Identified the +7 falchion of Pandemonium {chaos, Str+2
                  | Int+3}
 10829 | D:11     | Reached skill level 6 in Spellcasting
 10874 | D:11     | Identified the +7 rapier "Duan" {distort, rElec rC+ MP-9
                  | Dex+2}
 10902 | D:11     | Found a staircase to the Orcish Mines.
 10911 | D:11     | Noticed Harold
 10921 | D:11     | Killed Harold
 10922 | D:11     | Reached skill level 7 in Spellcasting
 10922 | D:11     | Reached XP level 11. HP: 68/68 MP: 0/22
 11109 | D:11     | Noticed Josephine
 11138 | D:11     | Killed Josephine
 11149 | D:11     | HP: 2/68 [wraith[Josephine] (11)]
 11150 | D:11     | Slain by a wraith

Vanquished Creatures
  Josephine (D:11)
  Harold (D:11)
  Maggie (D:9)
  Psyche (D:8)
  3 trolls
  Grinder (D:3)
  A slime creature (D:9)
  A shadow (D:11)
  A vampire mosquito (D:10)
  4 water moccasins
  3 orc warriors
  2 sky beasts (D:7)
  2 ice beasts
  A centaur (D:11)
  6 ogres
  A phantom (D:7)
  2 kobold brigands (D:8)
  4 gnoll sergeants
  A bullfrog (D:6)
  13 wights
  5 killer bees
  2 electric eels (D:7)
  6 howler monkeys
  A hound (D:8)
  2 jellies
  A gnoll bouda (D:8)
  2 orc priests (D:8)
  A sleepcap (D:5)
  3 iguanas
  18 orc wizards
  6 gnolls
  4 adders
  A shadow imp (D:6)
  A white imp (D:8)
  4 ufetubi
  A worm (D:3)
  8 dart slugs
  37 orcs
  3 endoplasms
  4 giant cockroaches
  3 goblins
  13 hobgoblins
  2 quokkas (D:3)
  4 ball pythons
  A bat (D:3)
  2 frilled lizards (D:2)
  13 kobolds
  2 rats
200 creatures vanquished.

Table legend: (Time is in decaauts)
 A = Elapsed time spent in this place.
 B = Non-inter-level travel time spent in this place.
 C = Inter-level travel time spent in this place.
 D = Time resting spent in this place.
 E = Time spent auto-exploring this place.
 F = Levels seen in this place.
 G = Mean time per level.
                   A        B        C        D        E       F      G
               +--------+--------+--------+--------+--------+-----+--------+
         Total |  11162 |  10860 |    302 |   1265 |   7845 |  12 |  930.2 |
       Dungeon |  11135 |  10859 |    276 |   1265 |   7845 |  11 | 1012.3 |
        Temple |     26 |      1 |     25 |      0 |      0 |   1 |   26.0 |
               +--------+--------+--------+--------+--------+-----+--------+

Top non-repeatable levels by time:
     D:6: 1748 daAuts
     D:9: 1355 daAuts
     D:1: 1184 daAuts
     D:8: 1137 daAuts
     D:4: 1124 daAuts
     D:5: 1068 daAuts
     D:3: 907 daAuts
     D:7: 843 daAuts
    D:10: 834 daAuts
     D:2: 592 daAuts
    D:11: 337 daAuts
  Temple: 26 daAuts

Table legend:
 A = Non-vault XP
 B = Vault XP
 C = Vault XP percentage of total XP
 D = Non-vault monster count
 E = Vault monster count
 F = Vault count percentage of total count
                 A         B        C        D         E       F
            +---------+---------+-------+---------+---------+-------
      Total |    5744 |    4865 |  45.9 |     160 |      40 |  20.0
            +---------+---------+-------+---------+---------+-------
        D:1 |      18 |       0 |   0.0 |      10 |       0 |   0.0
        D:2 |      17 |       0 |   0.0 |      10 |       0 |   0.0
        D:3 |      96 |     281 |  74.5 |      22 |       1 |   4.3
        D:4 |     267 |       0 |   0.0 |      10 |       0 |   0.0
        D:5 |     447 |       0 |   0.0 |       9 |       0 |   0.0
        D:6 |    1204 |     278 |  18.8 |      34 |       8 |  19.0
        D:7 |     801 |      24 |   2.9 |      12 |       6 |  33.3
        D:8 |     954 |    1280 |  57.3 |      26 |      18 |  40.9
        D:9 |     836 |     625 |  42.8 |      18 |       2 |  10.0
       D:10 |     471 |     573 |  54.9 |       6 |       3 |  33.3
       D:11 |     633 |    1804 |  74.0 |       3 |       2 |  40.0
            +---------+---------+-------+---------+---------+-------

Levels and vault maps discovered:
D:1:      dpeg_arrival_tiny_i, layout_basic, serial_shops, shop_statue, shop,
          nicolae_shop_advertising_works [nicolae_subvault_shop_adworks]
D:2:      layout_rooms, basic_altar
D:3:      layout_rooms, uniq_grinder
D:4:      layout_basic, general_overflow_altar, minmay_temple_entry_large_hall
D:5:      lemuel_ratsnest, layout_loops_cross
D:6:      minmay_flawed_box, layout_basic,
          chequers_temple_overflow_statue_of_worship, kennysheep_boxes
D:7:      kennysheep_slugbush, layout_loops_corners, biasface_ghost_orc_armoury
D:8:      lemuel_castle_with_subvaults [lemuel_castle_interior_carwin_1],
          layout_basic, mainiacjoe_overflow_alcove_2, uniq_psyche
D:9:      layout_basic, nicolae_xom_altar_mimics,
          hellmonk_ghost_happy_afterlife, serial_shops, shop,
          hangedman_abyss_or_decor_lesser_grid, hangedman_decor_clover_reticule,
          minivault_19, minivault_13, uniq_maggie
D:10:     layout_loops_cross, serial_shops, nicolae_shop_statue_plus,
          special_room [special_room_orc], minmay_between
D:11:     layout_roguey, minmay_lair_entry_grove, minmay_misc_feat_five,
          nicolae_nh_vlads_tower, uniq_harold, uniq_josephine
Temple:   eino_temple_scatter_basement
